AoeStats
← FH

African Clearing

517985778Analyzed
2v2 RM · 15d ago on Nov 1, 2026· 24m 5s· 4 players
Game mode
Random Map
Map size
Medium (4 player)
Population
200
Speed
Normal
Resources
Standard
Victory
Conquest
Starting age
Dark Age
Ending age
Imperial Age
RankedLock teamsTeams togetherTeam positionsShared explorationLock speedFull tech treeHidden civsTurbo modeCheats
Victory
Defeat
🇵🇱 Dravidians · Poland
1377
+18
🇦🇷 Armenians · Argentina
1366
+18
vs
🇬🇧 Persians · United Kingdom
1465
-20
🇨🇳 Vietnamese · China
1370
-16
Danfi
5:23 Loom
13:40 Feudal Age
15:09 Double-Bit Axe
17:46 Castle Age
16:56 Horse Collar
18:43 Bow Saw
20:24 Heavy Plow
mama_adisona
12:50 Feudal Age
12:28 Loom
14:02 Double-Bit Axe
16:20 Castle Age
14:53 Town Watch
16:20 Wheelbarrow
18:10 Bow Saw
19:46 Horse Collar
FH
8:45 Loom
15:32 Feudal Age
19:14 Castle Age
17:53 Scale Barding Armor
19:32 Double-Bit Axe
20:11 Forging
21:28 Bloodlines
24:15 Bow Saw
圆滚滚小猫
6:07 Loom
17:09 Feudal Age
17:39 Double-Bit Axe
23:53 Castle Age
22:37 Bloodlines
Connection lost

Rejoining the realm…

Still unreachable

The connection could not be restored.

Session expired

The server has moved on; the page needs a fresh start.